 Dungeon Crawl Stone Soup version 0.24.0-13-gcf9b319 (webtiles) character file.

Game seed: 13583993163430288918, levelgen mode: deterministic

42 Balder the Cudgeler (level 3, -3/22 HPs)
             Began as a Gargoyle Gladiator on Dec 10, 2019.
             Slain by a goblin (5 damage)
             ... led by Robin
             ... on level 2 of the Dungeon.
             The game lasted 00:03:45 (773 turns).

Balder the Cudgeler (Gargoyle Gladiator)             Turns: 773, Time: 00:03:45

Health: -3/22      AC:  7    Str: 16 (18) XL:     3   Next: 56%
Magic:  3/3        EV: 12    Int:  7 (8)  God:
Gold:   41         SH:  0    Dex:  8 (11) Spells: 2/2 levels left

rFire    . . .     SeeInvis .   a - +0 flail
rCold    . . .     Gourm    .   (no shield)
rNeg     + . .     Faith    .   b - +0 leather armour
rPois    ∞         Spirit   .   c - +0 helmet
rElec    +         Reflect  .   (no cloak)
rCorr    .         Harm     .   (no gloves)
MR       .....                  (no boots)
Stlth    +.........             (no amulet)
HPRegen  0.07/turn              (no ring)
MPRegen  0.08/turn              (no ring)

@: no status effects
A: negative energy resistance 1, electricity resistance, unbreathing,
petrification resistance, rot immunity, AC +3
a: no special abilities


You were on level 2 of the Dungeon.
You were not hungry.

You visited 1 branch of the dungeon, and saw 2 of its levels.

You collected 41 gold pieces.

Inventory:

Hand Weapons
 a - a +0 flail (weapon)
Missiles
 d - 2 throwing nets
 n - 13 poisoned darts (quivered)
Armour
 b - a +0 leather armour (worn)
 c - a +0 helmet (worn)
 j - a +0 pair of gloves
Jewellery
 k - an uncursed ring of resist corrosion {unknown}
Scrolls
 e - a scroll of blinking {unknown}
 m - a scroll of fog {unknown}
Potions
 i - a potion of agility {unknown}
 l - a potion of haste {unknown}
Comestibles
 f - 3 rations
 h - a chunk of flesh


   Skills:
 * Level 2.6 Fighting
 * Level 3.7 Maces & Flails
 + Level 1.9 Throwing
 * Level 0.7 Armour
 + Level 2.5 Dodging
 * Level 1.0 Stealth


You had 2 spell levels left.
You didn't know any spells.
Your spell library was empty.

Dungeon Overview and Level Annotations

Branches:
Dungeon (2/15)

Altars:

Annotations:
D:2 Robin


Innate Abilities, Weirdness & Mutations

You are resistant to torment.
Your stone body is resilient. (AC +3)
You are immune to poison.
You resist negative energy. (rN+)
You are resistant to electric shocks. (rElec)
You can survive without breathing.
You are immune to petrification.
You are immune to rotting.


Message History

* * * LOW HITPOINT WARNING * * *
The goblin hits you but does no damage.
Robin roars a battlecry!
The goblin hits you but does no damage. x2
You hit the goblin.
You kill the goblin!
The goblin barely misses you. x2; The goblin misses you.
A goblin comes into view.
The goblin hits you.
* * * LOW HITPOINT WARNING * * *
Some of the chunks of flesh in your inventory have rotted away.
Robin throws the goblin at you! The goblin hits you but does no damage.
There is an open door here.
Robin throws the goblin at you!
* * * LOW HITPOINT WARNING * * *
It was a potion of degeneration.
There was something very wrong with that liquid.
You feel weakened.
You feel dopey.
You feel clumsy. The goblin hits you.
You die...

######## #.....<# #####
#.###### #...#
###.########..g########
...........+..gg@.....#
#..[.....###.w.######.#
#.#......# #.g.#
#.##########..g# # #.#
........g#######.g #.#
#...♣........g.# #.#
###.♣_♣.........#.
#.###.#
#..♣...†.(.((g..
......#
#........(......


You could see a worm, Robin and 3 goblins.

Vanquished Creatures
  An adder (D:2)
  4 dart slugs (D:1)
  5 giant cockroaches (D:1)
  A hobgoblin (D:2)
  2 frilled lizards (D:1)
  5 goblins
  4 kobolds (D:1)
  2 rats
24 creatures vanquished.

Notes
Turn   | Place    | Note
-------+----------+-------------------------------------------
     0 | D:1      | Balder the Gargoyle Gladiator began the quest for the Orb.
     0 | D:1      | Reached XP level 1. HP: 12/12 MP: 1/1
   130 | D:1      | Reached XP level 2. HP: 18/18 MP: 2/2
   391 | D:1      | Reached skill level 1 in Stealth
   507 | D:1      | Reached XP level 3. HP: 22/22 MP: 3/3
   725 | D:2      | Found a faded altar of an unknown god.
   755 | D:2      | Noticed Robin
   773 | D:2      | Slain by a goblin

Levels and vault maps discovered:
D:1:      enne_arrival_octagon_isle, layout_loops_ring, minivault_25,
          minmay_worlds_worst_comb
D:2:      layout_basic, overflow_temple_1_default,
          chequers_ecumenical_altar_simple, uniq_robin

Skill      XL: |  1  2 |
---------------+-------+-----
Stealth        | 1 |  1.0
Fighting       | |  2.6
Maces & Flails | |  3.7
Throwing       | |  1.9
Armour         | |  0.7
Dodging        | |  2.5

Action                   || total
-------------------------++-------
Melee: Flail             ||    69
Throw: Dart              ||     6
       Throwing net      ||     1
  Use: Potion            ||     1
 Stab: Sleeping          ||     1
Armor: Leather armour    ||    30
Dodge: Dodged            ||    40
